 Dungeon Crawl Stone Soup version 0.30.0-19-g36f170ea60 (webtiles) character file.

Game seed: 13774663258427623514

399130 soepkip the Peltast (level 22, -5/204 HPs)
             Began as a Minotaur Monk on May 23, 2023.
             Was the Champion of Okawaru.
             Killed from afar by a quicksilver dragon (21 damage)
             ... with a bolt of dispelling energy
             ... on level 1 of the Depths on May 28, 2023.
             The game lasted 11:47:25 (41120 turns).

soepkip the Peltast (Minotaur Monk)                Turns: 41120, Time: 11:47:25

Health: -5/204     AC: 31    Str: 32    XL:     22   Next: 24%
Magic:  3/32       EV: 26    Int:  6    God:    Okawaru [******]
Gold:   1694       SH: 34    Dex: 21    Spells: 21/21 levels left

rFire   + . .        a - +8 broad axe (elec)
rCold   + . .        J - +18 shield of the Gong {Loud rN+ Will+ rCorr EV-5}
rNeg    + . .        X - +6 chain mail of the Vanishing Eyes {+Blink Str+3 Int+3 Stlth+}
rPois   +            T - +0 mask of the Dragon {Will+ Slay+3 SInv}
rElec   +            V - scarf {rC+ rF+}
rCorr   +            y - +4 pair of gloves of Gozag's Generosity {Drain rElec rPois Dex+2}
SInv    +            h - +3 pair of seven-league boots {Rampage+∞}
Will    +++..        t - amulet of regeneration
Stlth   +++          s - +5 ring of evasion
HPRegen 1.34/turn    E - +5 ring of evasion
MPRegen 0.23/turn

%: clarity, rampage+∞
@: studying Staves
A: horns 2, retaliatory headbutt, thin skeletal structure 1, agile 1, clarity,
dopey 1, sense surroundings 1, strong 1
}: 2/15 runes: serpentine, barnacled
a: Renounce Religion, Evoke Blink, Heroism, Finesse, Duel


You were on level 1 of the Depths.
You worshipped Okawaru.
Okawaru was exalted by your worship.
You visited 9 branches of the dungeon, and saw 40 of its levels.
You also visited: Gauntlet and Ice Cave.

You collected 4651 gold pieces.
You spent 2957 gold pieces at shops.

Inventory:

Hand Weapons
 a - a +8 broad axe of electrocution (weapon)
 b - the +6 sling of Eternity {heavy, rPois rCorr MP-9}
   (You bought it in a shop on level 3 of the Snake Pit)

   rPois:     It protects you from poison.
   MP:        It affects your magic capacity (-9).
   rCorr:     It protects you from acid and corrosion.
 c - a +2 heavy morningstar
 d - a +5 flail of freezing
Missiles
 o - 27 silver javelins
 z - 9 throwing nets
 Y - 10 silver boomerangs (quivered)
Armour
 f - +2 gold dragon scales
 h - the +3 pair of seven-league boots (worn) {Rampage+∞}
   (You found it on level 3 of the Elven Halls)

   Rampage+∞: When moving toward enemies, its wearer moves as far as possible,
   alerting their target en route.
 y - the +4 pair of gloves of Gozag's Generosity (worn) {Drain rElec rPois Dex+2}
   (You found it on level 8 of the Dungeon)

   Dex:       It affects your dexterity (+2).
   rElec:     It insulates you from electricity.
   rPois:     It protects you from poison.
   Drain:     It drains your maximum health when unequipped.
 J - the +18 shield of the Gong (worn) {Loud rN+ Will+ rCorr EV-5}
   (You bought it in a shop on level 2 of the Orcish Mines)

   Loud:      It is deafeningly noisy when blocking attacks.
   EV:        It affects your evasion (-5).
   rN:        It protects you from negative energy.
   rCorr:     It protects you from acid and corrosion.
   Will:      It increases your willpower.
 T - the +0 mask of the Dragon (worn) {Will+ Slay+3 SInv}
   (You found it on level 3 of the Elven Halls)

   Slay:      It affects your accuracy & damage with ranged weapons and melee
   (+3).
   SInv:      It lets you see invisible.
   Will:      It increases your willpower.
 V - a scarf of resistance (worn)
 X - the +6 chain mail of the Vanishing Eyes (worn) {+Blink Str+3 Int+3 Stlth+}
   (Okawaru gifted it to you on level 9 of the Dungeon)

   Str:       It affects your strength (+3).
   Int:       It affects your intelligence (+3).
   +Blink:    It lets you blink.
   Stlth:     It makes you more stealthy.
Jewellery
 s - a +5 ring of evasion (left hand)
 t - an amulet of regeneration (around neck)
 E - a +5 ring of evasion (right hand)
 L - a ring of flight
Wands
 i - a wand of paralysis (35)
 v - a wand of acid (48)
 B - a wand of flame (59)
 N - a wand of digging (17)
 Q - a wand of mindburst (25)
 R - a wand of polymorph (7)
 U - a wand of roots (36)
Scrolls
 e - a scroll of amnesia
 g - 4 scrolls of fog
 l - 8 scrolls of immolation
 m - 12 scrolls of poison
 n - 7 scrolls of blinking
 r - 18 scrolls of teleportation
 u - 9 scrolls of magic mapping
 A - 8 scrolls of enchant armour
 G - 7 scrolls of vulnerability
 K - 7 scrolls of fear
 P - 2 scrolls of torment
Potions
 j - 5 potions of lignification
 k - 8 potions of attraction
 p - 2 potions of resistance
 q - 3 potions of berserk rage
 w - 7 potions of haste
 x - 16 potions of heal wounds
 H - 7 potions of might
 M - 3 potions of cancellation
 O - 5 potions of ambrosia
 S - 15 potions of curing
 W - 7 potions of mutation
 Z - 2 potions of invisibility


   Skills:
 + Level 18.7 Fighting
 + Level 18.7 Maces & Flails
 + Level 14.2 Ranged Weapons
 + Level 8.5 Throwing
 + Level 18.6 Armour
 + Level 17.2 Dodging
 - Level 7.0 Stealth
 * Level 19.0 Shields
 + Level 15.3 Invocations
 - Level 6.0 Evocations


You had 21 spell levels left.
You didn't know any spells.
Your spell library contained the following spells:

 Spells                   Type           Power      Damage    Failure   Level
 Necrotise                Necr           0%         1d4       80%         1
 Shock                    Conj/Air       0%         1d3       80%         1
 Slow                     Hex            0%         N/A       80%         1
 Blink                    Tloc           0%         N/A       91%         2
 Lesser Beckoning         Tloc           0%         N/A       91%         2
 Momentum Strike          Conj/Tloc      0%         3d8       91%         2
 Static Discharge         Conj/Air       0%         2-2/arc   91%         2
 Confusing Touch          Hex            0%         N/A       99%         3
 Dazzling Flash           Conj/Hex       0%         N/A       99%         3
 Gell's Gravitas          Tloc           0%         N/A       99%         3
 Hailstorm                Conj/Ice       0%         3d3       99%         3
 Inner Flame              Hex/Fire       0%         N/A       99%         3
 Ozocubu's Armour         Ice            0%         N/A       99%         3
 Portal Projectile        Hex/Tloc       0%         N/A       99%         3
 Swiftness                Air            0%         N/A       99%         3
 Teleport Other           Tloc           0%         N/A       99%         3
 Vampiric Draining        Necr           0%         2d6       99%         3
 Volatile Blastmotes      Fire/Tloc      0%         2d10      99%         3
 Airstrike                Air            0%         2d(0-16)  100%        4
 Ice Form                 Ice/Tmut       0%         N/A       100%        4
 Iskenderun's Mystic Bla  Conj/Tloc      0%         2d3       100%        4
 Leda's Liquefaction      Hex/Erth       0%         N/A       100%        4
 Passage of Golubria      Tloc           0%         N/A       100%        4
 Petrify                  Tmut/Erth      0%         N/A       100%        4
 Agony                    Necr           0%         N/A       100%        5
 Borgnjor's Vile Clutch   Necr/Erth      0%         N/A       100%        5
 Fireball                 Conj/Fire      0%         3d3       100%        5
 Metabolic Englaciation   Hex/Ice        0%         N/A       100%        5
 Silence                  Hex/Air        0%         N/A       100%        5
 Yara's Violent Unravell  Hex/Tmut       0%         3d3       100%        5
 Conjure Ball Lightning   Conj/Air       0%         3x3d6     100%        6
 Starburst                Conj/Fire      0%         6d3       100%        6
 Statue Form              Tmut/Erth      0%         N/A       100%        6
 Enfeeble                 Hex            0%         N/A       100%        7
 Lehudib's Crystal Spear  Conj/Erth      0%         10d2      100%        8
 Chain Lightning          Conj/Air       0%         N/A       100%        9
 Fire Storm               Conj/Fire      0%         5d1       100%        9
 Polar Vortex             Ice            0%         N/A       100%        9
 Shatter                  Erth           0%         3d5*      100%        9
 Call Canine Familiar     Summ           Unusable   N/A       N/A         3
 Animate Dead             Necr           Unusable   N/A       N/A         4
 Death Channel            Necr           Unusable   N/A       N/A         6
 Simulacrum               Ice/Necr       Unusable   N/A       N/A         6

Dungeon Overview and Level Annotations

Branches:
Dungeon (15/15) Zot: 24342  Temple (1/1) D:6 Zot: 5772    Lair (5/5) D:8 Zot: 24971
 Shoals (4/4) Lair:2 Zot: 20108   Snake (4/4) Lair:2 Zot: 18842   Slime (0/5) Lair:4
    Orc (2/2) D:12 Zot: 10150     Elf (3/3) Orc:2 Zot: 14861  Vaults (4/5) D:14 Zot: 18261
  Crypt (0/3) Vaults:2     Depths (2/4) D:15 Zot: 10955   IceCv (visited)
Gauntlet (visited)

Altars:
Ashenzari
Cheibriados
Elyvilon
Fedhas
Gozag
Hepliaklqana
Kikubaaqudgha
Makhleb
Nemelex Xobeh
Okawaru
Qazlal
Ru
Sif Muna
Uskayaw
Vehumet
Wu Jian
Xom
Yredelemnul
Zin
The Shining One

Shops:
D:1 *   D:13 [   D:15 (   Orc:1 (   Orc:2 *[=(   Snake:2 ?   Snake:3 ?*[(
Snake:4 [   Vaults:4 [

Portals:
Hell: Depths:1
Abyss: Depths:1 Depths:2
Trove: Elf:2 (give 8 potions of haste)

Annotations:
Lair:4 2 transporters, Aricsoirch's ghost, journeyman GrFi
Lair:5 exclusion: obsidian statue
Shoals:2 3 runed translucent doors, Exe's ghost, adept DsBe; ciphuk's ghost, adept GnVM
Vaults:4 1 runed translucent door, exclusion: door, Regoshi's ghost, adept KoBr
Depths:1 exclusion: downstairs
Depths:2 Mara


Innate Abilities, Weirdness & Mutations

You have a pair of horns on your head.
You reflexively headbutt those who attack you in melee.
You have a somewhat thin skeletal structure. (Dex +2, Stealth+)
You are agile. (Dex +4, Str/Int -1)
You possess an exceptional clarity of mind.
You are dopey. (Int -2)
You passively map a small area around you.
Your muscles are strong. (Str +4, Int/Dex -1)


Message History

PANG!
You take 5 damage, and have 11/204 hp.
You slash the spriggan berserker!
The spriggan berserker is heavily wounded.
You slash the quicksilver dragon!
You block the spriggan berserker's attack.
GONNNNG!
You block the quicksilver dragon's attack.
GONNNNG!
You block the quicksilver dragon's attack.
GONNNNG!
The spriggan berserker completely misses you.
You miss the spriggan berserker.
The spriggan berserker is heavily wounded.
You hit the quicksilver dragon.
You block the quicksilver dragon's attack.
PANG!
The quicksilver dragon misses you.
You block the spriggan berserker's attack.
GONNNNG!
The quicksilver dragon closely misses you.
The quicksilver dragon completely misses you.
You closely miss the spriggan berserker.
You headbutt the spriggan berserker.
The spriggan berserker is heavily wounded.
You barely miss the quicksilver dragon.
You block the spriggan berserker's attack.
PANG!
You block the quicksilver dragon's attack.
GONNNNG!
The quicksilver dragon barely misses you.
The spriggan berserker completely misses you.
You furiously retaliate!
You headbutt the spriggan berserker!! You slice the spriggan berserker!!
You kill the spriggan berserker!
Okawaru accepts your kill.
You closely miss the quicksilver dragon.
The quicksilver dragon breathes dispelling energy at you.
The bolt of dispelling energy hits you!!
You die...

...##....##.#....................
#.#..##.#..###...................
.##..#.##...#....................
.................................
.................................
..........................#....##
....................∩....###...#
...............)..........#....##
................@......###...###.
...............).D.....#E#...#E#.
............#..........###...###.
.....##....###...................
............#.............._.....
....#.#.............#............
#.......#..........###.###...###.
##.....#...........[#..#E#...#E#.
.##...#................###...###.


You could see a quicksilver dragon (catching breath).

Vanquished Creatures
  Boris (Vaults:2)
  Saint Roka (Vaults:4)
  A caustic shrike (Depths:2)
  Nikola (Vaults:1)
  the Enchantress (Depths:1)
  Zenata (Vaults:2)
  2 liches
  Jorgrun (D:12)
  Mlioglotl (Snake:4)
  3 deep elf master archers (Elf:3)
  Frances (D:12)
  A deep elf blademaster (Elf:2)
  A kraken (Shoals:2)
  A shadow dragon (Depths:1)
  Agnes (D:14)
  3 sphinxes
  3 tengu reavers (Vaults:4)
  4 nagarajas
  10 deep elf sorcerers
  6 vault wardens
  2 fire giants
  A frost giant (Shoals:4)
  Aizul (Snake:1)
  5 deep elf elementalists
  19 ironbound preservers
  4 stone giants (Depths:1)
  3 spriggan defenders (Depths:1)
  A war gargoyle (Vaults:2)
  3 orc warlords
  8 ironbound thunderhulks
  6 deep elf demonologists
  13 very ugly things
  5 deep elf annihilators (Elf:3)
  15 dire elephants
  A spark wasp (Depths:1)
  A minotaur (Gauntlet)
  5 merfolk javelineers
  The ghost of Sensen the Thaumaturge, a journeyman DgEE (D:15)
  14 merfolk impalers
  2 deep elf death magi (Elf:3)
  4 ettins
  3 rakshasas (Depths:1)
  A fire dragon (Depths:1)
  8 yaktaur captains
  The ghost of splendoreal the Grappler, a journeyman DrBe of Trog (Lair:3)
  2 deep elf high priests (Elf:3)
  2 great orbs of eyes (Vaults:4)
  2 entropy weavers (Vaults:1)
  5 salamander tyrants (Snake:4)
  3 ice dragons (Depths:1)
  A catoblepas (Lair:2)
  A peacekeeper (Vaults:2)
  Erolcha (D:10)
  2 ogre magi
  19 anacondas
  2 spriggan air magi (Depths:1)
  An alligator snapping turtle (shapeshifter) (D:15)
  2 boulder beetles
  6 vault guards
  25 centaur warriors
  8 ironbound frosthearts
  3 deep troll shamans
  2 satyrs
  Erica (D:8)
  3 merfolk avatars
  10 two-headed ogres
  24 dancing weapons
  12 naga warriors
  12 naga sharpshooters
  17 shock serpents
  4 death yaks (Gauntlet)
  3 deep troll earth magi
  17 deep elf knights
  3 tengu warriors
  An alligator snapping turtle (Shoals:4)
  3 spriggan berserkers
  6 orc high priests
  7 skysharks
  3 salamander mystics (Snake:4)
  10 skeletal warriors
  2 spectral death yaks (Lair:5)
  A fire crab (shapeshifter) (Elf:3)
  2 iron trolls (Depths:1)
  15 sea snakes
  2 glowing orange brains
  A spectral anaconda (Lair:5)
  52 deep trolls
  A steelbarb worm (shapeshifter) (D:15)
  8 naga ritualists
  9 deep elf archers
  10 wizards
  Pikel (D:6)
  11 lindwurms
  15 ironbound convokers
  22 harpies
  5 necromancers
  21 deep elf zephyrmancers
  9 orc knights
  20 deep elf pyromancers
  11 mana vipers
  14 manticores
  3 oklob plants
  11 fauns
  15 salamanders
  7 cyclopes
  39 ugly things
  4 orc sorcerers
  A wolf spider (D:15)
  9 elephants
  8 merfolk sirens
  Maurice (D:9)
  Joseph (D:7)
  16 vault sentinels
  6 guardian serpents
  15 naga magi
  A smoke demon (Gauntlet)
  An ice statue (IceCv)
  6 water nymphs
  2 dire elephant skeletons (Lair:5)
  A minotaur zombie (Gauntlet)
  48 black mambas
  3 gargoyles
  Psyche (D:9)
  Maggie (D:7)
  2 unseen horrors
  2 yaktaurs (shapeshifter)
  3 komodo dragons
  3 kobold demonologists
  11 cane toads
  15 yaktaurs
  A rime drake (Lair:2)
  3 freezing wraiths
  A tengu conjurer (Depths:1)
  3 anaconda simulacra (IceCv)
  15 ice devils (IceCv)
  2 meliai
  6 trolls
  10 wind drakes
  3 polar bears
  41 merfolk
  2 hornets (shapeshifter)
  Prince Ribbit (D:7)
  Grinder (D:3)
  6 hornets
  12 blink frogs
  2 spectral elephants (Lair:5)
  6 snapping turtles
  39 slime creatures
  8 dream sheep
  3 air elementals
  2 shadows
  7 water elementals
  5 spriggans
  2 wraiths
  66 yaks
  3 wyverns
  4 fire elementals
  2 dire elephant simulacra (IceCv)
  2 steam dragons (D:8)
  4 neqoxecs (D:15)
  Grum (D:9)
  3 redbacks (Vaults:1)
  7 vampire mosquitoes
  6 death yak simulacra (IceCv)
  A harpy simulacrum (IceCv)
  3 spectral cane toads (Lair:5)
  3 wargs
  4 acid dragons
  39 nagas
  10 water moccasins
  Duvessa (D:6)
  A hydra simulacrum (IceCv)
  5 ice beasts
  8 black bears
  2 elephant zombies (Lair:5)
  36 orc warriors
  3 boggarts (D:14)
  11 ogres
  15 wolves
  13 centaurs
  2 kobold brigands
  10 bullfrogs
  An earth elemental (Elf:2)
  3 two-headed ogre simulacra (Orc:2)
  2 scorpions
  A cane toad simulacrum (Lair:5)
  Dowan (D:6)
  11 wights
  20 killer bees
  4 elephant simulacra
  2 electric eels (Lair:2)
  8 howler monkeys
  3 crimson imps (Gauntlet)
  2 jellies
  2 quasits (D:15)
  6 hounds
  Crazy Yiuf (D:7)
  2 gnoll boudas
  23 orc priests
  A sleepcap (D:8)
  3 iguanas
  27 orc wizards
  4 polar bear simulacra (IceCv)
  2 troll simulacra
  4 spriggan simulacra
  7 wolf simulacra (IceCv)
  18 gnolls
  10 adders
  A naga simulacrum (Orc:2)
  2 shadow imps
  6 white imps
  3 worms (D:2)
  3 dart slugs
  71 orcs
  7 endoplasms
  A giant cockroach (D:3)
  5 goblins
  11 hobgoblins
  2 jackals (D:1)
  5 quokkas
  8 ball pythons
  6 bats
  2 frilled lizards (D:2)
  13 kobolds
  5 rats
1627 creatures vanquished.

Vanquished Creatures (others)
  A deep elf blademaster (Elf:3)
  A merfolk impaler (Shoals:4)
  A centaur warrior (Vaults:1)
  A merfolk aquamancer (Shoals:4)
  A shock serpent (Snake:4)
  A deep elf knight (Elf:2)
  A vault sentinel (Vaults:1)
  A merfolk (Shoals:4)
  A neqoxec (D:15)
  A naga (Snake:3)
  A boggart (D:14)
  4 tentacles (Shoals:2)
15 creatures vanquished.

Grand Total: 1642 creatures vanquished

Notes
Turn   | Place    | Note
-------+----------+-------------------------------------------
     0 | D:1      | soepkip the Minotaur Monk began the quest for the Orb.
     0 | D:1      | Reached XP level 1. HP: 19/19 MP: 0/0
    31 | D:1      | HP: 1/20 [quokka (3)]
   210 | D:1      | Reached XP level 2. HP: 27/27 MP: 1/1
   262 | D:1      | Reached skill level 1 in Armour
   291 | D:1      | Found Usuym's General Store.
   699 | D:1      | Reached XP level 3. HP: 33/33 MP: 2/2
  1359 | D:2      | Reached XP level 4. HP: 38/40 MP: 3/3
  1867 | D:1      | Bought a scroll of teleportation for 30 gold pieces
  1867 | D:1      | Bought a +0 pair of boots for 45 gold pieces
  2072 | D:3      | Noticed Grinder
  2085 | D:3      | Paralysed by Grinder for 5 turns
  2095 | D:3      | Killed Grinder
  2096 | D:3      | Reached XP level 5. HP: 38/47 MP: 4/4
  2096 | D:3      | Reached XP level 6. HP: 45/55 MP: 5/5
  2170 | D:3      | Reached skill level 5 in Maces & Flails
  2278 | D:3      | Reached skill level 5 in Fighting
  2410 | D:3      | Found an opulent altar of Gozag.
  2413 | D:3      | Found a sparkling altar of Nemelex Xobeh.
  3338 | D:1      | Bought a potion of curing for 30 gold pieces
  3338 | D:1      | Bought a scroll of vulnerability for 40 gold pieces
  3338 | D:1      | Bought a potion of might for 40 gold pieces
  3559 | D:4      | Reached skill level 5 in Armour
  3613 | D:4      | Identified the +2 falchion "Izam" {vamp, Fly rF+ Will+
                  | Dex-3}
  4139 | D:5      | Entered Level 5 of the Dungeon
  4194 | D:5      | Reached XP level 7. HP: 61/61 MP: 6/6
  4250 | D:5      | Reached skill level 5 in Dodging
  4287 | D:5      | Reached skill level 1 in Evocations
  4628 | D:6      | Found a burning altar of Makhleb.
  4682 | D:6      | Reached XP level 8. HP: 70/70 MP: 7/7
  4703 | D:6      | Noticed Dowan
  4706 | D:6      | Noticed Duvessa
  4715 | D:6      | Killed Duvessa
  4726 | D:6      | Killed Dowan
  4916 | D:6      | Found a staircase to the Ecumenical Temple.
  4926 | Temple   | Entered the Ecumenical Temple
  5085 | Temple   | Became a worshipper of Warmaster Okawaru
  5085 | Temple   | Reached * piety under Okawaru
  5085 | Temple   | Reached ** piety under Okawaru
  5239 | D:6      | Noticed Pikel
  5273 | D:6      | Killed Pikel
  5273 | D:6      | Reached *** piety under Okawaru
  5692 | D:6      | Reached skill level 1 in Invocations
  5692 | D:6      | Reached XP level 9. HP: 75/79 MP: 8/8
  5934 | D:7      | Found a runed translucent door.
  5935 | D:7      | Noticed Crazy Yiuf
  5942 | D:7      | Killed Crazy Yiuf
  5993 | D:7      | Found an ornate altar of the Wu Jian Council.
  6029 | D:7      | Noticed Prince Ribbit
  6055 | D:7      | Killed Prince Ribbit
  6092 | D:7      | Noticed Maggie
  6121 | D:7      | Killed Maggie
  6174 | D:7      | Noticed Joseph
  6181 | D:7      | Killed Joseph
  6399 | D:7      | Reached **** piety under Okawaru
  6632 | D:7      | Found a shimmering blue altar of Sif Muna.
  6684 | D:8      | Reached XP level 10. HP: 88/88 MP: 12/12
  6729 | D:8      | Identified the +4 pair of gloves of Gozag's Generosity
                  | {Drain rElec rPois Dex+2}
  6792 | D:8      | Found a staircase to the Lair.
  6817 | D:8      | Reached skill level 5 in Invocations
  6861 | D:8      | Reached skill level 1 in Throwing
  6870 | D:8      | Reached ***** piety under Okawaru
  7156 | D:8      | Noticed Erica
  7176 | D:8      | Killed Erica
  7592 | D:9      | Identified the +6 chain mail of the Vanishing Eyes {+Blink
                  | Str+3 Int+3 Stlth+} (Okawaru gifted it to you on level 9 of
                  | the Dungeon)
  7592 | D:9      | Received a gift from Okawaru
  7627 | D:9      | Noticed a centaur warrior
  7639 | D:9      | Killed a centaur warrior
  7640 | D:9      | Reached XP level 11. HP: 97/97 MP: 14/14
  7697 | D:9      | Noticed a tengu warrior
  7710 | D:9      | Killed a tengu warrior
  7889 | D:9      | Reached skill level 1 in Shields
  8054 | D:9      | Found a blossoming altar of Fedhas.
  8156 | D:9      | Noticed a two-headed ogre
  8161 | D:9      | Killed a two-headed ogre
  8162 | D:9      | Reached skill level 2 in Shields
  8194 | D:9      | Noticed Grum
  8203 | D:9      | Killed Grum
  8229 | D:9      | Noticed Maurice
  8231 | D:9      | Noticed a sixfirhy
  8237 | D:9      | Noticed a sixfirhy
  8271 | D:9      | Killed Maurice
  8272 | D:9      | Reached skill level 10 in Maces & Flails
  8272 | D:9      | Reached skill level 3 in Shields
  8321 | D:9      | Noticed Psyche
  8331 | D:9      | Killed Psyche
  8368 | D:9      | Noticed a sixfirhy
  8370 | D:9      | Received a gift from Okawaru
  8529 | D:10     | Entered Level 10 of the Dungeon
  8541 | D:10     | Noticed Erolcha
  8551 | D:10     | Killed Erolcha
  8552 | D:10     | Reached skill level 10 in Fighting
  8574 | D:10     | Found a hide-covered altar of Uskayaw.
  8757 | D:10     | Found a snail-covered altar of Cheibriados.
  8777 | D:10     | Reached skill level 10 in Armour
  8778 | D:10     | Reached skill level 4 in Shields
  9412 | D:11     | Reached XP level 12. HP: 101/106 MP: 16/16
  9684 | D:11     | Noticed a two-headed ogre
  9690 | D:11     | Reached skill level 5 in Shields
  9692 | D:11     | Killed a two-headed ogre
  9705 | D:11     | Reached skill level 5 in Throwing
  9712 | D:11     | Reached ****** piety under Okawaru
  9712 | D:11     | Received a gift from Okawaru
  9713 | D:11     | Reached skill level 1 in Stealth
 10090 | Lair:1   | Entered Level 1 of the Lair of Beasts
 10116 | Lair:1   | Reached skill level 5 in Evocations
 10237 | Lair:1   | Reached skill level 6 in Shields
 10364 | Lair:1   | Reached skill level 10 in Dodging
 10980 | Lair:2   | Received a gift from Okawaru
 11167 | Lair:2   | Found a staircase to the Shoals.
 11180 | Lair:2   | Received a gift from Okawaru
 11264 | Lair:2   | Found a staircase to the Snake Pit.
 11303 | Lair:2   | Reached XP level 13. HP: 116/116 MP: 18/18
 11833 | Lair:3   | Reached skill level 7 in Shields
 11938 | Lair:3   | Reached skill level 5 in Stealth
 11961 | Lair:3   | Found a runed translucent door.
 11966 | Lair:3   | Noticed splendoreal's ghost (journeyman DrBe)
 11966 | Lair:3   | Identified the +9 trident "Pocotz" {elec, Fly rF+ Dex+3}
 11998 | Lair:3   | Killed splendoreal's ghost
 12559 | Lair:3   | Received a gift from Okawaru
 13075 | Lair:4   | Reached skill level 8 in Shields
 13127 | Lair:4   | Identified the ring of Xasi {Wiz rCorr Int+3}
 13128 | Lair:4   | Noticed Aricsoirch's ghost (journeyman GrFi)
 13133 | Lair:4   | Found a transporter.
 13135 | Lair:4   | Found a transporter.
 13139 | Lair:4   | Found a staircase to the Slime Pits.
 13163 | Lair:4   | Received a gift from Okawaru
 13532 | Lair:5   | Entered Level 5 of the Lair of Beasts
 13560 | Lair:5   | Identified the +0 scale mail of Disguise {Int+5} (Okawaru
                  | gifted it to you on level 5 of the Lair of Beasts)
 13560 | Lair:5   | Received a gift from Okawaru
 13803 | Lair:5   | Noticed a dire elephant
 13803 | Lair:5   | Noticed a dire elephant
 13803 | Lair:5   | Noticed a dire elephant
 14008 | Lair:5   | Reached XP level 14. HP: 126/126 MP: 19/19
 14759 | Lair:5   | Reached skill level 9 in Shields
 15029 | D:12     | Noticed Jorgrun
 15128 | D:11     | Received a gift from Okawaru
 15173 | D:12     | Noticed Frances
 15253 | D:12     | Killed Frances
 15478 | D:12     | Killed Jorgrun
 15478 | D:12     | Received a gift from Okawaru
 15553 | D:12     | Found a staircase to the Orcish Mines.
 15927 | Orc:1    | Entered Level 1 of the Orcish Mines
 16001 | Orc:2    | Entered Level 2 of the Orcish Mines
 16001 | Orc:2    | Found a frozen archway.
 16015 | IceCv    | Entered an ice cave
 16138 | IceCv    | Found an ancient bone altar of Kikubaaqudgha.
 16250 | IceCv    | Reached skill level 10 in Invocations
 16403 | IceCv    | Reached skill level 10 in Shields
 16496 | IceCv    | Got the Compilation of the Tundra
 16925 | Orc:2    | Found a staircase to the Elven Halls.
 17146 | Orc:2    | Paralysed by an orc sorcerer for 5 turns
 17153 | Orc:2    | Received a gift from Okawaru
 17283 | Orc:2    | Reached XP level 15. HP: 125/135 MP: 21/21
 17506 | Orc:1    | Found Boroick's Antique Weapon Shop.
 17613 | Orc:1    | Received a gift from Okawaru
 17948 | Orc:2    | Received a gift from Okawaru
 18185 | Orc:2    | Found Pim Wecvi's General Store.
 18186 | Orc:2    | Found Alludezest's Jewellery Shop.
 18188 | Orc:2    | Found Kacoro's Antique Armour Shop.
 18188 | Orc:2    | Found Ifau's Antique Weapon Boutique.
 18326 | D:12     | Upgraded the game from 0.30.0-18-gc0e69614cb to
                  | 0.30.0-19-g36f170ea60
 18346 | D:13     | Found Xoulim's Armour Emporium.
 18484 | D:13     | You fall into a shaft and drop 2 floors!
 18484 | D:15     | Entered Level 15 of the Dungeon
 18530 | D:15     | Received a gift from Okawaru
 18880 | D:15     | Noticed Sensen's ghost (journeyman DgEE)
 18892 | D:15     | Found a transporter.
 18901 | D:15     | Found a gate leading to a gauntlet.
 18918 | Gauntlet | Entered a Gauntlet
 18918 | Gauntlet | Found a transporter.
 18918 | Gauntlet | Found a transporter.
 18924 | Gauntlet | Found a transporter.
 18925 | Gauntlet | Found a transporter.
 18925 | Gauntlet | Found a transporter.
 18928 | Gauntlet | Found a transporter.
 18934 | Gauntlet | Found a transporter.
 18936 | Gauntlet | Found a transporter.
 18937 | Gauntlet | Found a transporter.
 18939 | Gauntlet | Found a transporter.
 18947 | Gauntlet | Found a transporter.
 18951 | Gauntlet | Found a transporter.
 19380 | Gauntlet | Identified the staff of cold "Konur" {rElec rC+ Will- Dex-4
                  | SInv}
 19380 | Gauntlet | Identified the +0 mace "Wochugar" {pain, rN+ Will++ rCorr
                  | Stlth+}
 19380 | Gauntlet | Identified the staff of fire "Emankich" {+Blink rF+ rN+
                  | Stlth+}
 19716 | D:13     | Reached skill level 11 in Shields
 20477 | D:14     | Noticed Agnes
 20492 | D:14     | Killed Agnes
 20492 | D:14     | Received a gift from Okawaru
 20517 | D:14     | Found a gate to the Vaults.
 20530 | D:14     | Identified the +3 tower shield of Follow the Leader {rElec
                  | rN+} (Okawaru gifted it to you on level 14 of the Dungeon)
 20530 | D:14     | Received a gift from Okawaru
 20542 | D:14     | Reached XP level 16. HP: 145/145 MP: 23/23
 20930 | Orc:2    | Bought the +18 shield of the Gong {Loud rN+ Will+ rCorr
                  | EV-5} for 2301 gold pieces
 20930 | Orc:2    | Found the +18 shield of the Gong {Loud rN+ Will+ rCorr
                  | EV-5}
 21230 | D:15     | Found Ikewkyhu's Antique Weapon Boutique.
 21348 | D:15     | Found a transporter.
 21368 | D:15     | Found a staircase to the Depths.
 21645 | D:15     | Gained mutation: Your body sometimes deteriorates upon
                  | taking damage. [a neqoxec]
 21646 | D:15     | Gained mutation: Your magical capacity is low. (-10% MP) [a
                  | neqoxec]
 21648 | D:15     | Gained mutation: Armour fits poorly on your strangely
                  | shaped body. [a neqoxec]
 21650 | D:15     | Gained mutation: You are clumsy. (Dex -2) [a neqoxec]
 21654 | D:15     | Gained mutation: You sometimes lose your temper in combat.
                  | [a neqoxec]
 21670 | D:15     | Killed Sensen's ghost
 21855 | Snake:1  | Entered Level 1 of the Snake Pit
 22708 | Snake:2  | Reached skill level 12 in Shields
 22713 | Snake:2  | Noticed Aizul
 22784 | Snake:1  | Killed Aizul
 22955 | Snake:2  | Received a gift from Okawaru
 23294 | Snake:2  | Found Yfasu Qoi's Magic Scroll Shoppe.
 23308 | Snake:2  | Bought a scroll of enchant weapon for 112 gold pieces
 23881 | Snake:3  | Reached skill level 13 in Shields
 24015 | Snake:3  | Received a gift from Okawaru
 24030 | Snake:3  | Reached XP level 17. HP: 154/154 MP: 22/22
 24402 | Snake:3  | Found Gomiy's Armour Boutique.
 24403 | Snake:3  | Found Inisma's Weapon Boutique.
 24403 | Snake:3  | Found Hadetzoov's Magic Scroll Shop.
 24408 | Snake:3  | Found Damuas's General Store.
 24855 | Snake:4  | Entered Level 4 of the Snake Pit
 24875 | Snake:4  | Received a gift from Okawaru
 24906 | Snake:3  | Received a gift from Okawaru
 24994 | Snake:4  | Reached skill level 15 in Maces & Flails
 25011 | Snake:4  | Reached skill level 15 in Fighting
 25066 | Snake:4  | Reached skill level 15 in Armour
 25112 | Snake:4  | Found Fuuthraomn's Antique Armour Shoppe.
 25518 | Snake:4  | Identified the +6 tower shield of Dulubla Que {Regen+
                  | Str+10 Stlth-} (Okawaru gifted it to you on level 4 of the
                  | Snake Pit)
 25518 | Snake:4  | Received a gift from Okawaru
 25573 | Snake:4  | Reached skill level 14 in Shields
 25643 | Snake:4  | Noticed Mlioglotl
 25663 | Snake:4  | Killed Mlioglotl
 25717 | Snake:4  | Reached skill level 1 in Ranged Weapons
 25819 | Snake:4  | Lost mutation: You sometimes lose your temper in combat.
                  | [potion of mutation]
 25819 | Snake:4  | Lost mutation: You are clumsy. (Dex -2) [potion of
                  | mutation]
 25819 | Snake:4  | Gained mutation: You passively map a small area around you.
                  | [potion of mutation]
 25819 | Snake:4  | Gained mutation: You are dopey. (Int -2) [potion of
                  | mutation]
 25819 | Snake:4  | Gained mutation: Your muscles are strong. (Str +4, Int/Dex
                  | -1) [potion of mutation]
 26215 | Snake:4  | Identified the +2 dire flail of the Grave {heavy, Int+2
                  | SInv} (Okawaru gifted it to you on level 4 of the Snake
                  | Pit)
 26215 | Snake:4  | Received a gift from Okawaru
 26340 | Snake:4  | Got a serpentine rune of Zot
 26609 | Snake:3  | Lost mutation: Armour fits poorly on your strangely shaped
                  | body. [potion of mutation]
 26609 | Snake:3  | Lost mutation: Your body sometimes deteriorates upon taking
                  | damage. [potion of mutation]
 26609 | Snake:3  | Lost mutation: Your magical capacity is low. (-10% MP)
                  | [potion of mutation]
 26609 | Snake:3  | Gained mutation: You possess an exceptional clarity of
                  | mind. [potion of mutation]
 26609 | Snake:3  | Gained mutation: You are agile. (Dex +4, Str/Int -1)
                  | [potion of mutation]
 26609 | Snake:3  | Gained mutation: You have a somewhat thin skeletal
                  | structure. (Dex +2, Stealth+) [potion of mutation]
 26702 | Shoals:1 | Entered Level 1 of the Shoals
 27051 | Shoals:1 | Reached XP level 18. HP: 165/165 MP: 26/26
 27200 | Shoals:1 | Reached skill level 15 in Shields
 27410 | Shoals:2 | Found a runed translucent gate.
 27410 | Shoals:2 | Found a runed translucent gate.
 27413 | Shoals:2 | Found a runed translucent gate.
 27420 | Shoals:2 | Noticed Exe's ghost (adept DsBe)
 27420 | Shoals:2 | Noticed ciphuk's ghost (adept GnVM)
 28141 | Shoals:2 | Found Toveg's Vocational Training.
 28274 | Shoals:3 | Reached skill level 5 in Ranged Weapons
 28421 | Snake:3  | Bought the +6 sling of Eternity {heavy, rPois rCorr MP-9}
                  | for 359 gold pieces
 28667 | Shoals:3 | Received a gift from Okawaru
 29479 | Shoals:4 | Entered Level 4 of the Shoals
 29878 | Shoals:4 | Identified the +0 pair of boots of Beogh's Condemnation
                  | {rF+ rCorr Str-3 SInv}
 30003 | Shoals:4 | Reached skill level 16 in Shields
 30020 | Shoals:4 | Identified the +7 mace "Zunoiv" {freeze, Str+4}
 30125 | Shoals:4 | Reached skill level 15 in Dodging
 30292 | Shoals:4 | Received a gift from Okawaru
 30374 | Shoals:4 | Identified the +2 cloak of Bequeathed Life {rPois}
 30580 | Shoals:4 | Got a barnacled rune of Zot
 30854 | Vaults:1 | Entered Level 1 of the Vaults
 30876 | Vaults:1 | Noticed Nikola
 31030 | Vaults:1 | Killed Nikola
 31031 | Vaults:1 | Reached XP level 19. HP: 167/173 MP: 18/27
 31534 | Vaults:1 | Received a gift from Okawaru
 32433 | Vaults:2 | Identified the +1 crystal plate armour of Grace {SInv}
                  | (Okawaru gifted it to you on level 2 of the Vaults)
 32433 | Vaults:2 | Received a gift from Okawaru
 32910 | Vaults:2 | Reached skill level 10 in Ranged Weapons
 33376 | Vaults:2 | Found a staircase to the Crypt.
 33619 | Vaults:3 | Reached skill level 17 in Shields
 33619 | Vaults:3 | Reached XP level 20. HP: 129/184 MP: 29/29
 33670 | Vaults:3 | Noticed Boris
 33671 | Vaults:3 | Noticed Zenata
 33677 | Vaults:3 | Received a gift from Okawaru
 33688 | Vaults:2 | Killed Boris
 33805 | Vaults:2 | Killed Zenata
 33993 | Vaults:3 | You fall into a shaft and drop 1 floor!
 33993 | Vaults:4 | Found Wobrurih's Antique Armour Shoppe.
 35396 | Vaults:4 | Paralysed by a great orb of eyes for 2 turns
 35408 | Vaults:4 | Received a gift from Okawaru
 36102 | Vaults:4 | Found a runed translucent door.
 36102 | Vaults:4 | Noticed Regoshi's ghost (adept KoBr)
 36325 | Vaults:4 | Noticed Saint Roka
 36345 | Vaults:4 | Killed Saint Roka
 36829 | Elf:1    | Entered Level 1 of the Elven Halls
 36974 | Elf:1    | Paralysed by an air elemental for 1 turns
 37020 | Elf:1    | Reached XP level 21. HP: 157/193 MP: 30/30
 37936 | Elf:2    | Found a runed translucent gate.
 37937 | Elf:2    | Found a runed translucent gate.
 37937 | Elf:2    | Found a runed translucent gate.
 37975 | Elf:2    | Found a portal to a secret trove of treasure.
 38035 | Elf:2    | Identified the +0 leather armour of the Vaults {Will- MP+9
                  | Str+8 Int+3}
 38396 | Elf:2    | Reached skill level 18 in Shields
 38715 | Elf:3    | Entered Level 3 of the Elven Halls
 38909 | Elf:3    | Received a gift from Okawaru
 38923 | Elf:3    | Paralysed by an air elemental for 1 turns
 39284 | Elf:3    | Reached skill level 15 in Invocations
 39297 | Elf:3    | Found the +3 pair of seven-league boots {Rampage+∞}
 39299 | Elf:3    | Identified the +4 longbow "Grim Tooth" {drain, rF+ Str+3}
 39308 | Elf:3    | Found the +0 mask of the Dragon {Will+ Slay+3 SInv}
 39314 | Elf:3    | Identified the +5 hand axe of Ru's Condemnation {heavy, rF+
                  | Str+2 Int+3}
 39332 | Elf:3    | Got the Tome of Hurting
 39391 | Elf:3    | Identified the +6 battleaxe "Xilirosoon" {distort, *Rage
                  | Will+ Int+2 Dex+2}
 39392 | Elf:3    | Identified the staff of conjuration "Habeoxeg" {rC+}
 39395 | Elf:3    | Identified the +1 chain mail of the Lily {Rampage rPois
                  | Dex+3}
 39406 | Elf:3    | Found the +3 giant club "Skullcrusher" {speed, Str+7}
 40063 | Depths:1 | Entered Level 1 of the Depths
 40208 | Depths:1 | Noticed the Enchantress
 40213 | Depths:1 | Received a gift from Okawaru
 40220 | Depths:1 | Killed the Enchantress
 40241 | Depths:1 | Reached XP level 22. HP: 95/198 MP: 30/32
 40431 | Depths:1 | Found a stormy altar of Qazlal.
 40432 | Depths:1 | Found a gateway to Hell.
 40719 | Depths:1 | Found a one-way gate to the infinite horrors of the Abyss.
 40887 | Depths:2 | Noticed Mara
 40921 | Depths:2 | Noticed a caustic shrike
 40930 | Depths:2 | Killed a caustic shrike
 41021 | Depths:2 | Reached skill level 19 in Shields
 41104 | Depths:2 | Paralysed by a floating eye for 2 turns
 41108 | Depths:2 | Paralysed by a floating eye for 2 turns
 41110 | Depths:2 | HP: 9/204 [spriggan berserker/+2 antimagic broad axe (14)]
 41120 | Depths:1 | Killed from afar by a quicksilver dragon

Illustrated notes

Levels and vault maps discovered:
D:1:      minmay_arrival_four_loops, layout_loops_corners, serial_shops,
          nicolae_shop_statue_plus
D:2:      layout_basic, kennysheep_path_1, minmay_misc_feat_five
D:3:      layout_basic, grunt_temple_overflow_opulence, uniq_grinder
D:4:      layout_basic
D:5:      layout_basic
D:6:      layout_basic, mainiacjoe_overflow_paths,
          minmay_temple_entry_mini_moons, uniq_duvessa, uniq_pikel
D:7:      layout_basic, old_standard_altar, led_sif_pool, uniq_joseph,
          uniq_crazy_yiuf_cottage, uniq_maggie, uniq_prince_ribbit1
D:8:      minmay_skewed_foursquare, layout_basic, uniq_erica
D:9:      minmay_curly_fans, layout_loops_ring, nicolae_overflow_hidden_temple,
          small_chamber_with_monster, kennysheep_generic_room_2, uniq_psyche,
          uniq_maurice, uniq_grum
D:10:     layout_loops_corners, cheibriados_altar_1, nicolae_uskayaw_dance_hall,
          uniq_erolcha
D:11:     layout_small_grid
D:12:     layout_loops_ring, orc_0_dummy, uniq_jorgrun, uniq_frances
D:13:     minmay_wizard_corner, layout_irregular_city, serial_shops,
          nicolae_shop_advertising_works [nicolae_subvault_shop_adworks]
D:14:     layout_rooms, lightli_vaults_fourway_checkpoint, serial_curves,
          eino_curves_02, eino_curves_04, uniq_agnes
D:15:     hangedman_depths_entry_try_elsewhere_first, layout_basic,
          serial_park_square1 [serial_park_minivault_5x5_1],
          gammafunk_ghost_stat_death, gauntlet_entry_generic, serial_shops,
          nicolae_shop_tiny_statue_garden
Temple:   chequers_temple_sunken
Lair:1:   layout_chaotic_city, chequers_serial_rivers_micro_a,
          dpeg_stationary_puzzle
Lair:2:   layout_regular_city, nicolae_shoals_entry_roost,
          minmay_snake_entry_guardpost_small, nicolae_lair_lil_pond,
          serial_bayou_lake_a
Lair:3:   layout_concentric_octagons, ebering_ghost_funeral_grove,
          beast_lair_carwin_1
Lair:4:   layout_hall_layers, slime_entry_1, gammafunk_ghost_hive, minivault_11,
          minivault_25, grunt_forest_small_clearings
Lair:5:   due_jungle_book, layout_regular_city, grunt_megastairs_1
Shoals:1: layout_shoals
Shoals:2: layout_shoals, gammafunk_ghost_cemetery, nicolae_shop_vocational
Shoals:3: layout_shoals, nicolae_shoals_wave_tunnel
Shoals:4: shoals_end_grunt_ice, layout_shoals
Snake:1:  layout_onion
Snake:2:  layout_misc_corridors, minmay_shop_grid_forest, drop_trap,
          grunt_megastairs_3, serial_bayou_shore_a, uniq_aizul
Snake:3:  layout_basic, minmay_shoptagon
Snake:4:  snake_pit_salamanders_mu, layout_cave_town, serial_shops,
          nicolae_shop_window_shopping, uniq_mlioglotl
Orc:1:    layout_diamond_mine, serial_shops, shop
Orc:2:    st_orc_congregation, layout_caves, portal_ice_cave_entry_ice_simulacra
Elf:1:    nicolae_elf_arrival_fired_up, layout_loops_cross
Elf:2:    nicolae_elf_blades_crystal_corner, layout_loops_corners,
          nicolae_trove_entry_crystal, serial_sigils_hangedman_scar
Elf:3:    minmay_elf_hall_quartered_circle, layout_loops_cross, corner_web_ring
Vaults:1: nicolae_vaults_door_testing_chamber, hangedman_vaults_stagger,
          nicolae_vaults_asterisk, vaults_room_stairs_pillars,
          nicolae_vaults_security_offices_6, vaults_room_corners,
          nicolae_vaults_tetromino_T_2, nicolae_vaults_twisting_passages,
          v_alt_pattern_5, nicolae_vaults_trapezoid_1,
          nicolae_vaults_little_squares_3, nicolae_vaults_tetromino_Z_2,
          layout_vaults_omnicross, uniq_nikola
Vaults:2: vaults_room_fours, nicolae_vaults_oval_intersection,
          hangedman_vaults_locks, nicolae_vaults_wrenched,
          nicolae_vaults_offset_grid_hallway_2, ontoclasm_vaults_ligature,
          nicolae_vaults_windows_and_doors_thing, v_pattern_2,
          ontoclasm_vaults_misaligned, vaults_mumra_lcd, vaults_dpeg_doors,
          v_misc_2, nicolae_vaults_cochlea, nicolae_vaults_trapezoid_lopsided_1,
          layout_vaults_omnibox, dummy_crypt_entry, uniq_margery
Vaults:3: nicolae_vaults_house_1, nicolae_vaults_tetromino_L_2, v_misc_9,
          grunt_vaults_trifunnel, nicolae_vaults_closet_pinwheel_3, v_misc_2,
          nicolae_vaults_closet_pinwheel_2, ontoclasm_vaults_gateway,
          nicolae_vaults_surprise_closet, vaults_room_pools,
          layout_vaults_chaotic_city, uniq_zenata, uniq_boris
Vaults:4: ebering_ghost_inner_flame, st_spiral_rooms,
          nicolae_vaults_network_barrier, v_misc_18, vaults_room_semicircle,
          nicolae_vaults_surprise_closet, layout_vaults_omnigrid, serial_shops,
          shop_statue, uniq_saint_roka
Depths:1: layout_big_octagon, hell_entry, abyss_entry, kennysheep_donut,
          nicolae_eternal_life, nicolae_qazlal_style_of_elements, firewood_loft,
          serial_bayou_shore_b, uniq_enchantress
Depths:2: minmay_dotted_concentric_squares, layout_gridlike, abyss_entry,
          grunt_pan_entry_spiral, hangedman_decor_riveting,
          pf_hell_entry_tar_spiral, corexii_leaking_fountain, uniq_mara

Skill      XL: |  1  2  3  4  5  6  7  8  9 10 11 12 13 14 15 16 17 18 19 20 21 22 |
---------------+-------------------------------------------------------------------+-----
Armour         | 1 2 4 5 6 7 8 9 10 11 12 13 14 15 16 17 18 | 18.6
Maces & Flails | 4 5 6 7 8 9 10 11 12 13 14 15 16 17 18 | 18.7
Fighting       | 4 5 6 7 8 9 10 11 12 13 14 15 16 17 18 | 18.7
Dodging        | 4 5 6 7 8 9 10 11 12 13 14 15 16 17 | 17.2
Evocations     | 2 3 4 5 6 |  6.0
Invocations    | 1 4 6 7 8 9 10 11 12 13 14 15 | 15.3
Throwing       | 3 4 5 6 7 8 |  8.5
Shields        | 4 6 8 10 11 13 14 16 17 18 19 | 19.0
Stealth        | 4 6 7 |  7.0
Ranged Weapons | 3 7 10 12 14 | 14.2

Action                     |  1- 3 |  4- 6 |  7- 9 | 10-12 | 13-15 | 16-18 | 19-21 | 22-24 || total
---------------------------+-------+-------+-------+-------+-------+-------+-------+-------++-------
  Melee: Mace              |    75 |   100 |   189 |    11 |       |       |       |       ||   375
         Headbutt          |    15 |    20 |    55 |   127 |   338 |   337 |   437 |    39 ||  1368
         Flail             |       |       |     8 |   264 |   463 |   226 |   104 |       ||  1065
         Hand axe          |       |       |       |    13 |       |       |       |       ||    13
         Broad axe         |       |       |       |   199 |   741 |   972 |   902 |    86 ||  2900
         Falchion          |       |       |       |     9 |       |       |       |       ||     9
         Dagger            |       |       |       |       |     6 |       |    13 |       ||    19
         Morningstar       |       |       |       |       |       |       |   333 |    42 ||   375
   Fire: Sling             |       |       |       |       |       |   273 |    41 |       ||   314
  Throw: Stone             |    12 |       |     2 |       |       |       |       |       ||    14
         Dart              |       |     7 |    43 |       |     3 |       |       |       ||    53
         Boomerang         |       |       |       |    55 |    38 |    15 |    13 |       ||   121
 Invoke: Heroism           |       |       |     4 |     2 |    10 |     4 |     8 |     1 ||    29
         Finesse           |       |       |       |       |     2 |     1 |     4 |       ||     7
Ability: Evoke Blink       |       |       |       |       |     1 |       |       |       ||     1
    Use: Scroll            |       |     5 |     6 |    13 |     6 |     3 |     4 |     1 ||    38
         Potion            |       |       |       |       |       |     2 |       |       ||     2
   Stab: Sleeping          |       |       |       |       |     7 |     1 |     1 |       ||     9
         Distracted        |       |       |       |       |     3 |       |     1 |       ||     4
 Armour: Robe              |     3 |       |       |       |       |       |       |       ||     3
         Chain mail        |    34 |    59 |    48 |   241 |   460 |   356 |   284 |    40 ||  1522
         Scale mail        |       |       |    28 |    33 |       |       |       |       ||    61
         Plate armour      |       |       |       |    26 |       |       |       |       ||    26
  Dodge: Dodged            |    43 |    47 |   108 |   308 |   652 |   889 |   705 |    96 ||  2848
  Block: Kite shield       |       |       |       |   298 |  1038 |   966 |  2212 |   223 ||  4737
         Tower shield      |       |       |       |       |       |  1217 |       |       ||  1217
